 Dungeon Crawl Stone Soup version 0.27-a0-1006-g1fd4cec11e (webtiles) character file.

Game seed: 2784049084348509135

127071 senseless the Warrior (level 16, -3/160 HPs)
             Began as a Purple Draconian Berserker on Apr 16, 2021.
             Was the Champion of Trog.
             Slain by a demonic crawler (12 damage)
             ... on level 1 of the Spider Nest on Apr 17, 2021.
             The game lasted 02:00:05 (37426 turns).

senseless the Warrior (Purple Draconian Berserker) Turns: 37426, Time: 02:00:05

Health: -3/160     AC: 21    Str: 22    XL:     16   Next: 45%
Magic:  16/16      EV: 16    Int:  4    God:    Trog [******]
Gold:   1511       SH:  0    Dex: 15    Spells: 15/15 levels left

rFire    . . .     SeeInvis .   C - +5 scimitar (flame)
rCold    . . .     Faith    .   N - +10 tower shield of Ignorance {rN+ Int-4}
rNeg     + . .     Spirit   .   (armour unavailable)
rPois    +         Reflect  +   (helmet restricted)
rElec    .         Harm     .   r - +2 cloak
rCorr    .         Rampage  .   E - +2 pair of gloves
Will     ++...                  M - +1 pair of boots
Stlth    +.........             u - amulet of reflection
HPRegen  0.36/turn              d - +4 ring of protection
MPRegen  0.15/turn              Y - ring of poison resistance

@: confused, studying Crossbows
A: breathe power, AC +9, unfitting armour, cold-blooded
a: Breathe Dispelling Energy, Renounce Religion, Berserk, Trog's Hand, Brothers
in Arms


You were on level 1 of the Spider Nest.
You worshipped Trog.
Trog was exalted by your worship.
You visited 5 branches of the dungeon, and saw 25 of its levels.
You also visited: Gauntlet.

You collected 2322 gold pieces.
You spent 811 gold pieces at shops.

Inventory:

Hand Weapons
 c - the +6 rapier "Fuzzy Widowmaker" {vorpal, *Noise rC++ rCorr}
   (Trog gifted it to you on level 2 of the Orcish Mines)

   It inflicts extra damage upon your enemies.
   It greatly protects you from cold.
   It may make noises in combat.
   It protects you from acid and corrosion.
 f - a +4 demon blade of flaming
 m - a +3 antimagic short sword
 p - the +9 scimitar "Nim Wios" {venom, Contam rN+ MP+9 Int+3}
   (You found it on level 6 of the Lair of Beasts)

   It poisons the flesh of those it strikes.
   It affects your intelligence (+3).
   It protects you from negative energy.
   It affects your magic capacity (+9).
   It causes magical contamination when unequipped.
 C - a +5 scimitar of flaming (weapon)
Missiles
 a - 8 throwing nets
 e - 5 atropa-tipped darts
Armour
 r - a +2 cloak (worn)
 E - a +2 pair of gloves (worn)
 M - a +1 pair of boots (worn)
 N - the +10 tower shield of Ignorance (worn) {rN+ Int-4}
   (You bought it in a shop on level 2 of the Orcish Mines)

   It affects your intelligence (-4).
   It protects you from negative energy.
Jewellery
 d - a +4 ring of protection (left hand)
 o - a ring of resist corrosion
 q - the ring of Oenomania {rF+ rN+ Will+ Dex+2 Stlth-}
   (You acquired it on level 12 of the Dungeon)

   [ring of willpower]

   It affects your dexterity (+2).
   It protects you from fire.
   It protects you from negative energy.
   It increases your willpower.
   It makes you less stealthy.
 u - an amulet of reflection (around neck)
 D - a ring of flight
 H - a ring of fire
 I - a ring of magical power
 J - an amulet of regeneration
 X - a ring of protection from fire
 Y - a ring of poison resistance (right hand)
 Z - a +4 ring of evasion
Wands
 l - a wand of charming (11)
 t - a wand of mindburst (8)
 y - a wand of polymorph (22)
 z - a wand of flame (67)
 A - a wand of paralysis (10)
 B - a wand of iceblast (49)
 U - a wand of digging (7)
Scrolls
 k - a scroll of fear
 s - a scroll of summoning
 v - 4 scrolls of blinking
 x - 2 scrolls of fog
 P - 5 scrolls of teleportation
 V - 4 scrolls of identify
Potions
 b - 6 potions of brilliance
 g - 7 potions of curing
 h - 6 potions of attraction
 i - a potion of resistance
 j - 2 potions of flight
 n - 2 potions of haste
 G - a potion of invisibility
 K - 6 potions of ambrosia
 O - 5 potions of lignification
 Q - a potion of heal wounds
 S - a potion of berserk rage
 W - 2 potions of mutation


   Skills:
 * Level 19.3 Fighting
 - Level 5.7(10.2) Short Blades
 + Level 12.8(13.3) Long Blades
 + Level 12.5 Dodging
 - Level 1.0 Stealth
 * Level 13.6 Shields


You had 15 spell levels left.
You didn't know any spells.
Your spell library contained the following spells:

 Spells                   Type           Power      Damage    Failure   Level
 Apportation              Tloc           0%         N/A       94%         1
 Magic Dart               Conj           0%         1d3       94%         1
 Sting                    Tmut/Pois      0%         1d3       94%         1
 Blink                    Tloc           N/A        N/A       98%         2
 Call Imp                 Summ           0%         N/A       98%         2
 Ensorcelled Hibernation  Hex/Ice        0%         N/A       98%         2
 Poisonous Vapours        Pois/Air       0%         N/A       98%         2
 Slow                     Hex            0%         N/A       98%         2
 Confusing Touch          Hex            0%         N/A       100%        3
 Conjure Flame            Conj/Fire      0%         6-21      100%        3
 Gell's Gravitas          Tloc           0%         N/A       100%        3
 Ignite Poison            Fire/Tmut/Pois 0%         N/A       100%        3
 Lesser Beckoning         Tloc           0%         N/A       100%        3
 Mephitic Cloud           Conj/Pois/Air  0%         N/A       100%        3
 Tukima's Dance           Hex            0%         N/A       100%        3
 Olgreb's Toxic Radiance  Pois           0%         N/A       100%        4
 Petrify                  Tmut/Erth      0%         N/A       100%        4
 Alistair's Intoxication  Tmut/Pois      0%         N/A       100%        5
 Borgnjor's Vile Clutch   Necr/Erth      0%         N/A       100%        5
 Metabolic Englaciation   Hex/Ice        0%         N/A       100%        5
 Silence                  Hex/Air        0%         N/A       100%        5
 Yara's Violent Unravell  Hex/Tmut       0%         3d3       100%        5
 Invisibility             Hex            0%         N/A       100%        6
 Shadow Creatures         Summ           N/A        N/A       100%        6
 Animate Armour           Summ/Erth      Unusable   N/A       N/A         4

Dungeon Overview and Level Annotations

Branches:
Dungeon (15/15)            Temple (0/1) D:7            Lair (6/6) D:8
  Swamp (1/4) Lair:2       Spider (1/4) Lair:3        Slime (0/5) Lair:5
    Orc (2/2) D:10            Elf (0/3) Orc:2        Vaults (0/5) D:14
 Depths (0/5) D:15        Gauntlet (visited)

Altars:
Ashenzari
Cheibriados
Dithmenos
Fedhas
Wu Jian
Xom
Yredelemnul
Zin
The Shining One
Jiyva

Shops:
D:5 (   Orc:1 =   Orc:2 :[([

Portals:
Trove: D:12 (give 6 scrolls of fear)


Innate Abilities, Weirdness & Mutations

You can breathe bolts of dispelling energy.
Your rich purple scales are hard. (AC +9)
You cannot fit into any form of body armour.
You are cold-blooded and may be slowed by cold attacks.


Message History

The tarantella is moderately wounded.
The tarantella bites you!
* * * LOW HITPOINT WARNING * * *
The wolf spider completely misses you. The wolf spider misses you.
The tarantella bites you but does no damage.
The tarantella barely misses you.
You slash the tarantella! You burn the tarantella!
You kill the tarantella!
Trog accepts your kill. The wolf spider hits you.
* * * LOW HITPOINT WARNING * * *
The wolf spider misses you.
The tarantella bites you but does no damage.
The wolf spider hits you but does no damage.
The wolf spider barely misses you.
You bump into the rock wall.
The tarantella closely misses you.
The demonic crawler hits you but does no damage.
The demonic crawler misses you. The demonic crawler hits you.
* * * LOW HITPOINT WARNING * * *
The wolf spider hits you!
* * * LOW HITPOINT WARNING * * *
The wolf spider bites you.
* * * LOW HITPOINT WARNING * * *
The tarantella closely misses you.
You're too confused to move!
The demonic crawler hits you but does no damage.
The demonic crawler closely misses you. The demonic crawler barely misses you.
The wolf spider hits you but does no damage.
The wolf spider barely misses you. The tarantella barely misses you.
The demonic crawler hits you but does no damage.
The demonic crawler closely misses you. The demonic crawler hits you.
* * * LOW HITPOINT WARNING * * *
The wolf spider misses you. The wolf spider bites you.
* * * LOW HITPOINT WARNING * * *
You bump into the rock wall.
The tarantella closely misses you. The wolf spider hits you!!
* * * LOW HITPOINT WARNING * * *
The wolf spider closely misses you. The demonic crawler misses you.
The demonic crawler hits you!
You die...

..#..^. .≈ ##....#####
.# #......#..# .# .#
#####..## #..#.^#
...#.#.#...###.....# .
?......#...#.....###..
#....s#...#..###≈....
##s......##.##..##
#@ss.#....^....##.
##s.##.##..†....^.
#...≈##...##.#.^.
...###≈....≈######
#..##..#####≈.....#
.s.##.. ###...## #...
.. # ###... ..[## .
#.. #.##.. ...
#..##.†#..


You could see a demonic crawler, a wolf spider, an orb spider and 2 tarantellas.

Vanquished Creatures
  Rupert (Orc:1)
  A stone giant (D:15)
  A minotaur (Gauntlet)
  A fire dragon (Lair:6)
  Harold (D:7)
  9 hydras
  4 vault guards (D:14)
  3 boulder beetles
  A ghost crab (Swamp:1)
  A rakshasa (D:15)
  A centaur warrior (D:15)
  Erica (D:8)
  2 two-headed ogres (D:9)
  5 death yaks (Lair:2)
  5 orc high priests
  An alligator (Swamp:1)
  7 tengu warriors
  Urug (Lair:1)
  Nergalle (Lair:4)
  A sun demon (D:15)
  2 sixfirhies (Gauntlet)
  A spriggan druid (Swamp:1)
  Pikel (D:8)
  12 orc knights
  2 lindwurms (Lair:6)
  An orc sorcerer (Orc:1)
  3 orb spiders (Spider:1)
  An orb spider (shapeshifter) (D:13)
  3 manticores (D:15)
  11 ugly things
  4 cyclopes
  25 elephants
  3 molten gargoyles (Lair:6)
  Maurice (D:13)
  3 black mambas (Lair:6)
  Joseph (D:7)
  17 cane toads
  3 unseen horrors
  3 gargoyles
  15 komodo dragons
  5 yaktaurs (D:15)
  6 rime drakes
  2 kobold demonologists (D:12)
  2 efreet (D:13)
  2 tengu conjurers
  A freezing wraith (D:14)
  2 demonic crawlers (Spider:1)
  An ice devil (D:15)
  4 red devils (D:12)
  9 trolls
  A queen bee (Lair:3)
  A hornet (Swamp:1)
  6 jumping spiders (Spider:1)
  12 slime creatures
  Prince Ribbit (D:7)
  5 dream sheep (Lair:5)
  29 blink frogs
  A raiju (Gauntlet)
  3 vampires
  2 spriggans
  3 shadows
  9 redbacks (Spider:1)
  11 wyverns
  3 wraiths
  3 tarantellas (Spider:1)
  7 humans (D:14)
  76 yaks
  10 basilisks
  4 steam dragons
  Menkaure (D:5)
  A warg (Orc:1)
  8 vampire mosquitoes
  17 water moccasins
  4 hell hounds (Lair:6)
  A floating eye (shapeshifter) (D:15)
  39 orc warriors
  3 sky beasts
  A black bear (D:8)
  3 necrophages (D:6)
  5 ogres (Orc:1)
  19 wolves
  10 centaurs
  A phantom (D:7)
  A lemure (D:8)
  22 bullfrogs
  2 kobold brigands
  Blork the orc (D:6)
  2 scorpions
  A wyvern zombie (D:6)
  2 gnoll sergeants
  3 water moccasin zombies
  A wyvern skeleton (D:6)
  A water moccasin skeleton (D:5)
  23 killer bees (Lair:3)
  7 wights
  4 crimson imps (D:15)
  5 lava snakes (Lair:6)
  9 centaur zombies
  3 jellies
  24 orc priests
  Crazy Yiuf (D:3)
  A gnoll shaman (D:7)
  2 hounds (D:5)
  A human zombie (D:6)
  2 bullfrog skeletons (D:6)
  5 iguanas
  14 orc wizards
  A killer bee zombie (D:6)
  2 hound skeletons
  A mummy (D:7)
  3 howler monkey zombies
  A howler monkey skeleton (D:6)
  18 gnolls
  7 adders
  A shadow imp (D:7)
  4 white imps (D:15)
  An ufetubus (D:5)
  An adder skeleton (D:4)
  2 worms (D:2)
  A dart slug (D:1)
  67 orcs
  7 endoplasms
  A giant cockroach (D:4)
  9 goblins
  8 hobgoblins
  7 jackals (D:1)
  19 kobolds
  3 quokkas
  4 ball pythons
  10 bats
  5 frilled lizards
  A goblin zombie (D:7)
  An orc zombie (D:7)
  2 rats
818 creatures vanquished.

Vanquished Creatures (others)
  A deep elf pyromancer (D:15)
  A human (D:14)
  An orc (D:15)
  41 fungi
  62 plants
106 creatures vanquished.

Grand Total: 924 creatures vanquished

Notes
Turn   | Place    | Note
-------+----------+-------------------------------------------
     0 | D:1      | senseless the Draconian Berserker began the quest for the
                  | Orb.
     0 | D:1      | Reached XP level 1. HP: 19/19 MP: 1/1
    72 | D:1      | Reached XP level 2. HP: 25/26 MP: 2/2
   409 | D:1      | Reached XP level 3. HP: 29/33 MP: 3/3
   416 | D:1      | Reached ** piety under Trog
  1391 | D:3      | Reached XP level 4. HP: 28/40 MP: 4/4
  1491 | D:3      | Found an ornate altar of the Wu Jian Council.
  1582 | D:3      | Reached skill level 4 in Fighting
  1643 | D:3      | Found a faded altar of an unknown god.
  2266 | D:3      | Reached skill level 1 in Short Blades
  2716 | D:3      | Found a runed translucent door.
  2717 | D:3      | Noticed Crazy Yiuf
  2723 | D:3      | Killed Crazy Yiuf
  2724 | D:3      | Reached XP level 5. HP: 34/47 MP: 5/5
  2949 | D:4      | Reached *** piety under Trog
  3215 | D:4      | Reached skill level 5 in Fighting
  3761 | D:5      | Entered Level 5 of the Dungeon
  3936 | D:5      | Reached XP level 6. HP: 40/56 MP: 6/6
  4123 | D:5      | Found a broken altar of Ashenzari.
  4124 | D:5      | Found a glowing silver altar of Zin.
  4125 | D:5      | Found a snail-covered altar of Cheibriados.
  4283 | D:5      | Reached skill level 6 in Fighting
  4382 | D:5      | Your scales start taking on a rich purple colour.
  4382 | D:5      | Reached XP level 7. HP: 55/63 MP: 7/7
  4465 | D:5      | Noticed Menkaure
  4470 | D:5      | Killed Menkaure
  4679 | D:5      | Found Boulionn's Weapon Shop.
  4868 | D:5      | Reached skill level 7 in Fighting
  5149 | D:6      | Reached skill level 5 in Dodging
  5345 | D:6      | Reached XP level 8. HP: 73/73 MP: 8/8
  5603 | D:6      | Reached skill level 8 in Fighting
  5713 | D:6      | Found a basalt altar of Yredelemnul.
  6014 | D:6      | Noticed Blork the orc
  6023 | D:6      | Killed Blork the orc
  6024 | D:6      | Reached skill level 5 in Short Blades
  6213 | D:6      | Found a glowing golden altar of the Shining One.
  6226 | D:6      | Reached skill level 1 in Stealth
  6352 | D:6      | Reached skill level 9 in Fighting
  6521 | D:6      | Reached **** piety under Trog
  6620 | D:6      | Reached XP level 9. HP: 83/83 MP: 9/9
  6774 | D:6      | You fall into a shaft and drop 3 floors!
  6792 | D:9      | Noticed a two-headed ogre
  6815 | D:9      | Killed a two-headed ogre
  6937 | D:8      | Reached skill level 5 in Long Blades
  6937 | D:8      | Noticed Pikel
  6945 | D:8      | Killed Pikel
  6946 | D:8      | Reached skill level 10 in Fighting
  7431 | D:7      | Noticed Harold
  7446 | D:7      | Killed Harold
  7447 | D:7      | Reached XP level 10. HP: 52/94 MP: 10/10
  7689 | D:7      | Reached skill level 11 in Fighting
  7721 | D:7      | Noticed Prince Ribbit
  7761 | D:7      | Found a staircase to the Ecumenical Temple.
  7977 | D:7      | Killed Prince Ribbit
  8444 | D:7      | Noticed Joseph
  8457 | D:7      | Killed Joseph
  9359 | D:8      | Noticed a gargoyle
  9369 | D:8      | Killed a gargoyle
  9682 | D:8      | Noticed Erica
  9693 | D:8      | Killed Erica
  9694 | D:8      | Reached skill level 5 in Shields
  9856 | D:8      | Reached skill level 12 in Fighting
  9965 | D:8      | Found a staircase to the Lair.
 10439 | D:8      | Found a shimmering altar of Xom.
 10449 | D:8      | Found a shimmering altar of Xom.
 10449 | D:8      | Found a shimmering altar of Xom.
 10449 | D:8      | Found a shimmering altar of Xom.
 10453 | D:8      | Found a shimmering altar of Xom.
 10453 | D:8      | Found a shimmering altar of Xom.
 10502 | D:8      | Found a shimmering altar of Xom.
 11151 | D:9      | Noticed a two-headed ogre
 11157 | D:9      | Killed a two-headed ogre
 11158 | D:9      | Reached XP level 11. HP: 42/104 MP: 11/11
 11700 | D:10     | Entered Level 10 of the Dungeon
 12598 | D:10     | Found a staircase to the Orcish Mines.
 12721 | D:10     | Reached ***** piety under Trog
 13222 | D:10     | Identified the +3 war axe of Exhibitionism {vorpal, Will+
                  | Dex+2}
 13327 | D:10     | Found a blossoming altar of Fedhas.
 13778 | D:11     | Reached skill level 13 in Fighting
 15203 | D:12     | Found a portal to a secret trove of treasure.
 15206 | D:12     | Noticed a six-headed hydra
 15220 | D:12     | Killed a one-headed hydra
 15648 | D:12     | Reached XP level 12. HP: 53/116 MP: 12/12
 16503 | D:12     | Reached skill level 14 in Fighting
 16504 | D:12     | Noticed a boulder beetle
 17192 | D:12     | Killed a boulder beetle
 17192 | D:12     | Received a gift from Trog
 17516 | D:12     | Identified a scroll of acquirement
 17516 | D:12     | Acquired the ring of Oenomania {rF+ rN+ Will+ Dex+2 Stlth-}
 18269 | D:13     | Noticed a tengu warrior
 18296 | D:13     | Killed a tengu warrior
 18687 | D:13     | Noticed Maurice
 18688 | D:13     | Noticed a tengu warrior
 18713 | D:13     | Killed a tengu warrior
 18733 | D:13     | Killed Maurice
 19090 | D:13     | Reached skill level 15 in Fighting
 19143 | D:13     | Reached XP level 13. HP: 86/126 MP: 13/13
 19831 | D:14     | Reached skill level 10 in Dodging
 20325 | D:14     | Reached skill level 10 in Long Blades
 20616 | D:14     | Found a gate to the Vaults.
 21092 | D:15     | Entered Level 15 of the Dungeon
 21095 | D:15     | Found a shadowy altar of Dithmenos.
 21459 | D:15     | HP: 1/128 [yaktaur/bolt (27)]
 21964 | D:15     | Reached skill level 16 in Fighting
 22887 | D:15     | Upgraded the game from 0.27-a0-998-g4cfe56dd59 to
                  | 0.27-a0-1006-g1fd4cec11e
 22949 | D:15     | Received a gift from Trog
 23207 | D:15     | Found a staircase to the Depths.
 23207 | D:15     | Noticed a stone giant
 23215 | D:15     | Killed a stone giant
 23216 | D:15     | Reached XP level 14. HP: 138/138 MP: 14/14
 23257 | D:15     | Reached skill level 10 in Shields
 23414 | Orc:1    | Entered Level 1 of the Orcish Mines
 23574 | Orc:2    | Entered Level 2 of the Orcish Mines
 23587 | Orc:2    | Noticed Rupert
 23610 | Orc:1    | Killed Rupert
 24554 | Orc:2    | Found a staircase to the Elven Halls.
 24655 | Orc:1    | Found Aseuquru's Jewellery Shop.
 25335 | Orc:2    | Reached skill level 17 in Fighting
 26302 | Orc:2    | Identified the +6 rapier "Fuzzy Widowmaker" {vorpal, *Noise
                  | rC++ rCorr} (Trog gifted it to you on level 2 of the Orcish
                  | Mines)
 26302 | Orc:2    | Received a gift from Trog
 26820 | Orc:2    | Found Bumief's Armour Shoppe.
 26820 | Orc:2    | Found Sejoamn's Antique Weapon Shoppe.
 26821 | Orc:2    | Found Linyecra's Armour Emporium.
 26821 | Orc:2    | Found Hochaf's Book Shoppe.
 26835 | Orc:2    | Bought a +0 pair of boots for 67 gold pieces
 26836 | Orc:2    | Bought the +10 tower shield of Ignorance {rN+ Int-4} for
                  | 744 gold pieces
 26836 | Orc:2    | Found the +10 tower shield of Ignorance {rN+ Int-4}
 27707 | Lair:1   | Entered Level 1 of the Lair of Beasts
 28173 | Lair:1   | Noticed Urug
 28188 | Lair:1   | Killed Urug
 28614 | Lair:1   | Received a gift from Trog
 29693 | Lair:2   | Found a staircase to the Swamp.
 30657 | Lair:2   | Reached XP level 15. HP: 142/148 MP: 15/15
 30816 | Lair:3   | Found a hole to the Spider Nest.
 31347 | Lair:3   | Reached skill level 18 in Fighting
 31350 | Lair:3   | Received a gift from Trog
 31885 | Lair:4   | Noticed Nergalle
 31897 | Lair:4   | Killed Nergalle
 32124 | Lair:4   | Found a gate leading to a gauntlet.
 32133 | Gauntlet | Entered a Gauntlet
 32133 | Gauntlet | Found a transporter.
 32133 | Gauntlet | Found a transporter.
 32133 | Gauntlet | Found a runed translucent door.
 32133 | Gauntlet | Found a runed translucent door.
 32151 | Gauntlet | Found a transporter.
 32155 | Gauntlet | Found a transporter.
 32163 | Gauntlet | Found a transporter.
 32167 | Gauntlet | Found a transporter.
 32173 | Gauntlet | Found a runed translucent gate.
 32175 | Gauntlet | Found a transporter.
 32176 | Gauntlet | Found a runed translucent gate.
 32177 | Gauntlet | Found a runed translucent gate.
 32192 | Gauntlet | Found a transporter.
 32206 | Gauntlet | Found a transporter.
 32210 | Gauntlet | Found a transporter.
 32218 | Gauntlet | Found a transporter.
 32222 | Gauntlet | Found a transporter.
 32597 | Gauntlet | Identified the +5 chain mail of the Assorted Thickets {Fly}
 33371 | Lair:5   | Reached ****** piety under Trog
 33957 | Lair:5   | Received a gift from Trog
 34256 | Lair:5   | Found a viscous altar of Jiyva.
 34256 | Lair:5   | Found a staircase to the Slime Pits.
 34321 | Lair:6   | Entered Level 6 of the Lair of Beasts
 34784 | Lair:6   | Reached XP level 16. HP: 116/159 MP: 16/16
 35407 | Lair:6   | Found a large runed translucent door.
 35408 | Lair:6   | Found a large runed translucent door.
 35477 | Lair:6   | Reached skill level 19 in Fighting
 35560 | Lair:6   | Received a gift from Trog
 36249 | Lair:6   | Identified the +9 scimitar "Nim Wios" {venom, Contam rN+
                  | MP+9 Int+3}
 36501 | Swamp:1  | Entered Level 1 of the Swamp
 37102 | Spider:1 | Entered Level 1 of the Spider Nest
 37426 | Spider:1 | Slain by a demonic crawler

Illustrated notes

Levels and vault maps discovered:
D:1:      dpeg_arrival_refuge, layout_loops_ring
D:2:      layout_rooms
D:3:      layout_basic, lemuel_round_altar,
          hellmonk_ecumenical_altar_heavens_door, serial_glass, glass_columns_c,
          glass_columns_a, glass_columns_c, glass_columns_b, glass_columns_a,
          glass_columns_c, hangedman_decor_peaks_small,
          minmay_randomly_rotated_circles, uniq_crazy_yiuf_cottage
D:4:      layout_cave_pods
D:5:      layout_gridville, gammafunk_temple_overflow_claw, serial_shops,
          shop_statue, uniq_menkaure
D:6:      layout_loops_corners, lemuel_mausoleum_altar_yredelemnul, tso_altar,
          uniq_blork_the_orc
D:7:      layout_loops_ring, minmay_temple_entry_drinking_statues,
          nicolae_ossuary_entry_giza, minmay_misc_feat_columns,
          minmay_manual_mares, uniq_joseph, uniq_harold, uniq_prince_ribbit1
D:8:      layout_layer_cave, nicolae_xom_altar_mimics,
          grunt_lair_entry_orc_guard_hut, hangedman_decor_points, uniq_erica,
          uniq_pikel
D:9:      layout_long_grid, supply_closet_lemuel
D:10:     layout_basic, fedhas_altar_4, david_orc_2, minivault_25_ag, the_bakery
D:11:     layout_rooms, serial_corexii_hall, chequers_hall_statues_corner_a,
          chequers_hall_statues_corner_a, chequers_hall_statues_wall_a,
          dk_noncrumbling_4
D:12:     layout_loops_ring, nicolae_trove_entry_crossroad,
          einodemon_armed_red_devil_minivault
D:13:     layout_loops_ring, kennysheep_minor_cross, minmay_lindwurm_lava,
          uniq_maurice
D:14:     layout_layer_cave, ximxim_vaults_locker_room, minmay_crystal_water
D:15:     grunt_enter_depths_snipers, layout_loops_ring,
          nicolae_dithmenos_shadow_blocks, minmay_fire_ice_demons
Lair:1:   layout_layer_cave, uniq_urug
Lair:2:   layout_layer_cave, minmay_swamp_entry_reptiles,
          infiniplex_staircase_pool_2, grunt_megastairs_5
Lair:3:   regret_index_wax_grids, layout_misc_corridors, dummy_spider_entry,
          beast_lair_carwin_3
Lair:4:   layout_small_grid, gauntlet_entry_generic, uniq_nergalle
Lair:5:   layout_regular_city, dpeg_slime_entry_enclosed_altar,
          nicolae_lair_grove_arrangements
Lair:6:   cheibrodos_lair_end_hotspot, layout_loops_ring
Swamp:1:  layout_falls_marsh, evilmike_swamp_ruin_house_1
Spider:1: layout_spider_delve, uniq_azrael, uniq_agnes, uniq_roxanne
Orc:1:    layout_caves, serial_shops, nicolae_shop_window_shopping,
          nicolae_orc_pool_cavern
Orc:2:    st_orc_pillars, layout_diamond_mine, nicolae_orc_bridge_out,
          uniq_rupert

Skill      XL: |  1  2  3  4  5  6  7  8  9 10 11 12 13 14 15 16 |
---------------+-------------------------------------------------+-----
Dodging        | 3 4 5 6 7 8 9 10 11 12 | 12.5
Long Blades    | 4 6 7 8 9 10 11 12 | 12.8
Fighting       | 4 5 6 7 9 10 12 13 15 16 17 18 19 | 19.3
Short Blades   | 1 2 3 5 |  5.7
Stealth        | 1 |  1.0
Shields        | 4 5 7 8 9 11 12 13 | 13.6

Action                   |  1- 3 |  4- 6 |  7- 9 | 10-12 | 13-15 | 16-18 || total
-------------------------+-------+-------+-------+-------+-------+-------++-------
Melee: Falchion          |   116 |       |       |       |       |       ||   116
       Tailslap          |    14 |    19 |    47 |   128 |   388 |    80 ||   676
       Short sword       |       |   169 |   192 |       |       |       ||   361
       Scimitar          |       |       |    85 |   647 |  1790 |   350 ||  2872
Invok: Berserk           |       |     3 |     9 |    12 |    12 |     3 ||    39
  Use: Scroll            |     2 |     9 |     1 |    14 |     9 |     1 ||    36
       Potion            |       |       |     1 |     3 |     2 |       ||     6
 Stab: Sleeping          |       |     1 |     1 |     2 |       |       ||     4
       Distracted        |       |       |       |     1 |       |       ||     1
Armor: Skin              |    46 |    40 |    87 |   226 |   266 |    91 ||   756
Dodge: Dodged            |    62 |   116 |   129 |   193 |   512 |   145 ||  1157
Block: Tower shield      |       |       |   102 |   694 |  1650 |   521 ||  2967
       Other             |       |       |    12 |       |       |       ||    12
       Reflection        |       |       |     3 |    33 |    45 |     6 ||    87
       Kite shield       |       |       |       |    86 |   647 |       ||   733
       Rpst.: Falchion   |    23 |       |       |       |       |       ||    23
       Scimitar          |       |       |    11 |    31 |   139 |    22 ||   203

Table legend: (Time is in decaauts)
 A = Elapsed time spent in this place.
 B = Non-inter-level travel time spent in this place.
 C = Inter-level travel time spent in this place.
 D = Time resting spent in this place.
 E = Time spent auto-exploring this place.
 F = Levels seen in this place.
 G = Mean time per level.
                   A        B        C        D        E       F      G
               +--------+--------+--------+--------+--------+-----+--------+
         Total |  37985 |  36785 |   1200 |  12430 |  17874 |  26 | 1461.0 |
       Dungeon |  23956 |  23160 |    796 |   7888 |  11813 |  15 | 1597.1 |
          Lair |   8713 |   8462 |    251 |   1753 |   4892 |   6 | 1452.2 |
         Swamp |    213 |    213 |      0 |    136 |      6 |   1 |  213.0 |
   Spider Nest |    324 |    324 |      0 |    116 |     54 |   1 |  324.0 |
  Orcish Mines |   4214 |   4062 |    152 |   2458 |    825 |   2 | 2107.0 |
      Gauntlet |    562 |    562 |      0 |     78 |    283 |   1 |  562.0 |
               +--------+--------+--------+--------+--------+-----+--------+

Top non-repeatable levels by time:
    D:12: 2457 daAuts
   Orc:1: 2328 daAuts
  Lair:2: 2152 daAuts
    D:14: 2065 daAuts
  Lair:6: 2051 daAuts
    D:13: 2004 daAuts
    D:10: 1970 daAuts
     D:6: 1963 daAuts
     D:8: 1943 daAuts
   Orc:2: 1885 daAuts
    D:15: 1814 daAuts
     D:7: 1792 daAuts
    D:11: 1669 daAuts
     D:3: 1458 daAuts
     D:5: 1359 daAuts
